 Dungeon Crawl Stone Soup version 0.19-a0 (webtiles) character file.

1072 nubinia the Infuser (level 8, -12/43 HPs)
             Began as a Deep Elf Conjurer on Apr 27, 2016.
             Was a Believer of Vehumet.
             Mangled by MovingMist's ghost (32 damage)
             ... on level 4 of the Dungeon.
             The game lasted 00:23:11 (5932 turns).

nubinia the Infuser (Deep Elf Conjurer)             Turns: 5932, Time: 00:23:11

Health: -12/43     AC:  2    Str:  5    XL:     8   Next: 7%
Magic:  1/18       EV:  8    Int: 21    God:    Vehumet [**....]
Gold:   369        SH:  4    Dex: 17    Spells: 5 memorised, 4 levels left

rFire  . . .     SeeInvis .     t - +1 spear (flame)
rCold  . . .     Gourm    .     a - +0 robe
rNeg   . . .     Faith    .     u - +0 buckler
rPois  .         Spirit   .     (no helmet)
rElec  .         Dismiss  .     (no cloak)
rCorr  .         Reflect  .     (no gloves)
SustAt .         Harm     .     (no boots)
MR     .....                    (no amulet)
Stlth  +++.......               (no ring)
                                (no ring)

@: not resistant to hostile enchantments, fairly stealthy
A: no striking features
a: Renounce Religion


You were on level 4 of the Dungeon.
You worshipped Vehumet.
Vehumet was pleased with you.
You were hungry.

You visited 1 branch of the dungeon, and saw 6 of its levels.

You collected 369 gold pieces.

Inventory:

Hand Weapons
 n - a +0 dagger
 t - a +1 spear of flaming (weapon)
Armour
 a - a +0 robe (worn)
 u - a +0 buckler (worn)
Scrolls
 e - 2 scrolls of fear
 g - 4 scrolls of fog
 i - 3 scrolls of teleportation
 j - 7 scrolls of remove curse
 q - a scroll of amnesia
 r - a scroll of identify
 v - a scroll of magic mapping
Potions
 f - 2 potions of magic
 h - 3 potions of curing
 k - 2 potions of resistance
 l - a potion of haste
 m - a potion of berserk rage
 s - a potion of flight
Books
 b - a book of Conjurations

   Spells                             Type                      Level
   a - Magic Dart                     Conjuration                  1
   b - Searing Ray                    Conjuration                  2
   c - Dazzling Spray                 Conjuration/Hexes            3
   d - Fulminant Prism                Conjuration/Hexes            4
   e - Iskenderun's Mystic Blast      Conjuration                  4
   f - Iskenderun's Battlesphere      Conjuration/Charms           5
Comestibles
 c - 5 bread rations
 d - 4 meat rations
 o - 2 beef jerkies
 p - 2 fruits
 w - 8 chunks of flesh


   Skills:
 + Level 1.0 Fighting
 - Level 0.2 Polearms
 + Level 3.5 Dodging
 + Level 4.2 Stealth
 + Level 5.9 Spellcasting
 + Level 6.3 Conjurations
 + Level 2.3 Hexes
 + Level 8.4 Charms


You had 4 spell levels left.
You knew the following spells:

 Your Spells              Type           Power        Failure   Level  Hunger
a - Magic Dart            Conj           ####         1%          1    None
b - Dazzling Spray        Conj/Hex       ###.....     12%         3    ##.....
c - Iskenderun's Mystic   Conj           ####....     14%         4    ####...
d - Sting                 Conj/Pois      ###.         6%          1    None
i - Iskenderun's Battles  Conj/Chrm      #####...     24%         5    #####..


Dungeon Overview and Level Annotations

Branches:
Dungeon (6/15)             Temple (0/1) D:6

Altars:
Fedhas
Nemelex Xobeh
Ru
Trog
Vehumet

Annotations:
D:4 exclusions: ogre and wight, MovingMist's ghost, novice TrFi


Message History

The orb of energy hits MovingMist's ghost.
MovingMist's ghost is heavily damaged.
Your battlesphere fires!
The barrage of energy hits MovingMist's ghost.
MovingMist's ghost is heavily damaged.
Casting: Iskenderun's Mystic Blast
Confirm with . or Enter, or press ? or * to list all spells.
Aiming: Iskenderun's Mystic Blast
Press: ? - help, Shift-Dir - straight line, f/p - MovingMist's ghost
Aim: MovingMist's ghost (heavily damaged)
The orb of energy hits MovingMist's ghost.
MovingMist's ghost is severely damaged.
Your battlesphere fires!
The barrage of energy hits MovingMist's ghost.
MovingMist's ghost is severely damaged.
MovingMist's ghost hits you!!
Ouch! That really hurt!
MovingMist's ghost hits you!!
Ouch! That really hurt!
You die...

#########...##..#...............#
#.......#...##..#...............#
#.......#.......'...............#
#.......#.......#(............).#
#.......#...#####...............#
#..###'####'#.....*.............#
#..#............................#
#..#.................#######....#
...#............@W...# #....#
...#....(............# #....#
...#....###'#........# #....#
...#....#...#........# #....#
####....#...##+##....# #....#
........#.......#....# #....#
........#...##..+....# #....#
........##### ..#....# ######
........#...# ..#....#


You could see MovingMist's ghost and a friendly battlesphere.

Vanquished Creatures
  Sigmund (D:5)
  A sky beast (D:5)
  A giant frog (D:6)
  A gnoll sergeant (D:6)
  2 scorpions (D:5)
  A howler monkey (D:3)
  A giant frog zombie (D:6)
  A giant frog skeleton (D:6)
  A hound (D:6)
  2 orc priests
  2 centaur skeletons (D:4)
  4 orc wizards
  2 worker ants
  6 adders
  4 gnolls (D:6)
  A howler monkey skeleton (D:6)
  An adder zombie (D:5)
  2 adder skeletons
  4 worms
  3 dart slugs (D:1)
  4 giant geckos
  16 orcs
  4 bats
  2 giant cockroaches
  7 goblins
  9 hobgoblins
  16 jackals
  4 quokkas
  2 ball pythons
  A giant gecko skeleton (D:5)
  2 giant newts
  4 kobolds
  3 rats (D:2)
115 creatures vanquished.

Vanquished Creatures (collateral kills)
  A quokka (D:5)
1 creature vanquished.

Grand Total: 116 creatures vanquished

Notes
Turn   | Place    | Note
--------------------------------------------------------------
     0 | D:1      | nubinia the Deep Elf Conjurer began the quest for the Orb.
     0 | D:1      | Reached XP level 1. HP: 10/10 MP: 6/6
   268 | D:1      | Reached XP level 2. HP: 15/15 MP: 2/8
   488 | D:1      | Reached skill level 5 in Conjurations
   982 | D:2      | Found a radiant altar of Vehumet.
   983 | D:2      | Found a blossoming altar of Fedhas.
   985 | D:2      | Became a worshipper of Vehumet
  1068 | D:2      | Reached XP level 3. HP: 19/19 MP: 7/9
  1073 | D:2      | Learned a level 3 spell: Dazzling Spray
  1333 | D:2      | Noticed a moth of wrath
  1336 | D:2      | Found a bloodstained altar of Trog.
  2161 | D:3      | Reached * piety under Vehumet
  2161 | D:3      | Offered knowledge of Flame Tongue by Vehumet.
  2233 | D:2      | Reached XP level 4. HP: 22/24 MP: 2/11
  2514 | D:3      | Reached XP level 5. HP: 27/28 MP: 8/13
  2903 | D:3      | Found a sacrificial altar of Ru.
  3216 | D:4      | Noticed an ogre
  3228 | D:4      | Learned a level 4 spell: Iskenderun's Mystic Blast
  3234 | D:4      | Learned a level 5 spell: Iskenderun's Battlesphere
  3318 | D:4      | Reached skill level 1 in Charms
  3475 | D:4      | Reached skill level 2 in Charms
  3475 | D:4      | Reached XP level 6. HP: 32/32 MP: 13/15
  3489 | D:4      | Reached skill level 3 in Charms
  3890 | D:5      | Entered Level 5 of the Dungeon
  3916 | D:5      | Reached skill level 4 in Charms
  3955 | D:5      | Reached ** piety under Vehumet
  3980 | D:5      | Offered knowledge of Sting by Vehumet.
  3983 | D:5      | Learned a level 1 spell: Sting
  4027 | D:5      | Reached skill level 5 in Charms
  4107 | D:5      | Noticed Sigmund
  4269 | D:5      | Killed Sigmund
  4269 | D:5      | Reached skill level 6 in Charms
  4269 | D:5      | Reached XP level 7. HP: 36/36 MP: 13/16
  4538 | D:5      | Reached skill level 7 in Charms
  4864 | D:5      | Found a sparkling altar of Nemelex Xobeh.
  4890 | D:5      | Reached skill level 8 in Charms
  5129 | D:5      | Reached skill level 5 in Spellcasting
  5175 | D:6      | Offered knowledge of Static Discharge by Vehumet.
  5186 | D:6      | Reached skill level 1 in Hexes
  5507 | D:6      | Found a sparkling altar of Nemelex Xobeh.
  5546 | D:6      | Reached skill level 1 in Fighting
  5660 | D:6      | Found a staircase to the Ecumenical Temple.
  5856 | D:6      | Reached XP level 8. HP: 43/43 MP: 8/18
  5909 | D:4      | Noticed MovingMist's ghost (novice TrFi)
  5932 | D:4      | Mangled by MovingMist's ghost

Vault maps used:
D:1:      elethiomel_arrival_infinity_welcomes_careful_drivers
D:2:      tgw_trog, grunt_temple_overflow_open
D:3:      marbit_many_paths, first_bread, minmay_misc_feat_four_crosses,
          corexii_corridor_pit, kennysheep_generic_room_11
D:5:      lemuel_crystal_altar, uniq_sigmund
D:6:      temple_green, nemelex_xobeh_ov_fountains_minmay, uniq_blork_the_orc

Skill      XL: |  1  2  3  4  5  6  7 |
---------------+----------------------+-----
Conjurations   | 5 6 |  6.3
Spellcasting   | 4 5 |  5.9
Stealth        | 3 4 |  4.2
Dodging        | 3 |  3.5
Charms         | 2 6 8 |  8.4
Hexes          | 2 |  2.3
Fighting       | 1 |  1.0
Polearms       | |  0.2

Action                   |  1- 3 |  4- 6 |  7- 9 || total
-------------------------+-------+-------+-------++-------
Melee: Dagger            |     3 |     6 |       ||     9
       Spear             |       |    60 |    74 ||   134
 Cast: Magic Dart        |   102 |   106 |    64 ||   272
       Dazzling Spray    |       |     6 |    15 ||    21
       Iskenderun's Batt |       |       |     4 ||     4
       Iskenderun's Myst |       |       |     3 ||     3
  Use: Scroll            |     1 |     9 |     4 ||    14
       Potion            |     1 |     1 |       ||     2
 Stab: Invisible         |       |     2 |     1 ||     3
       Sleeping          |       |     3 |     1 ||     4
  Eat: Chunk             |     4 |     6 |     6 ||    16
       Pizza             |       |       |     1 ||     1
Armor: Robe              |     1 |     6 |     6 ||    13
Dodge: Dodged            |     5 |    63 |    39 ||   107
Block: Buckler           |       |       |     6 ||     6
